 Dungeon Crawl Stone Soup version 0.29-a0-275-g389c0b56f3 (webtiles) character file.

Game seed: 10654170552282006282

0 spaghetti the Slasher (level 1, -1/16 HPs)
             Began as an Octopode Chaos Knight on Mar 11, 2022.
             Was a Plaything of Xom.
             Slain by a frilled lizard (3 damage)
             ... on level 1 of the Dungeon.
             The game lasted 00:00:12 (45 turns).

spaghetti the Slasher (Octopode Chaos Knight)         Turns: 45, Time: 00:00:13

Health: -1/16      AC:  1    Str: 11    XL:     1   Next: 10%
Magic:  1/1        EV: 13    Int: 14    God:    Xom [..*...]
Gold:   0          SH:  0    Dex: 11    Spells: 0/0 levels left

rFire   . . .      SeeInvis .   a - +0 falchion (chaos) {long}
rCold   . . .      Faith    .   (no shield)
rNeg    . . .      Spirit   .   (helmet restricted)
rPois   .          Reflect  .   (no amulet)
rElec   .          Harm     .   (no ring)
rCorr   .          Rampage  .   (no ring)
Will    .....                   (no ring)
Stlth   ++........              (no ring)
HPRegen 0.05/turn               (no ring)
MPRegen 0.07/turn               (no ring)
                                (no ring)
                                (no ring)

@: no status effects
A: almost no armour, amphibious, 8 rings, camouflage 1, gelatinous body 1,
(nimble swimmer 1), tentacles
a: Renounce Religion


You were on level 1 of the Dungeon.
You worshipped Xom.
You were a toy of Xom.
You visited 1 branch of the dungeon, and saw 1 of its levels.


Innate Abilities, Weirdness & Mutations

You cannot wear most types of armour.
You are amphibious.
You can wear up to eight rings at the same time.
Your skin changes colour to match your surroundings (Stealth+).
Your rubbery body absorbs attacks. (AC +1, EV +1)
((You are camouflaged when in or above water. (Stealth+)))
You have tentacles for arms and can constrict up to eight enemies at once.


   Skills:
 - Level 3.0 Fighting
 - Level 3.0 Long Blades
 + Level 2.4 Dodging


You couldn't memorise any spells.
You didn't know any spells.
Your spell library was empty.

Inventory:

Hand Weapons
 a - a +0 falchion of chaos (weapon) {long}
Missiles
 c - 23 stones (quivered) {throwing}
Miscellaneous
 b - a piece from Xom's chessboard (9/15)

Dungeon Overview and Level Annotations

Branches:
Dungeon (1/15)

Altars:

.........♣♣
.........♣
####....♣♣
........♣
........♣
........♣
........#
.......{#
♣......@#
♣♣......#
♣♣♣.#..#
###..# #..#
.... .##.#
. ..# . ..)


There were no monsters in sight!


Message History

🤖 Initializing magus.rc ...
Options error: Delay interrupt name "hungry" not recognised. (~/.crawlrc:4761) Options error: Bad monster_list_colour key: strict_neutral (~/.crawlrc:4776) ✅ Successfully initialized magus.rc [v1.9.6] Welcome, spaghetti the Octopode Chaos Knight.
Are you destined to find the legendary Orb of Zot, or to die trying?
Xom says: A new plaything!
Press ? for a list of commands and other information.
Found 23 stones.
Found a staircase leading out of the dungeon.
c - 23 stones {throwing} As you open the door, it creaks loudly!
There is an open door here.
You open the door.
A frilled lizard comes into view.
There is an open door here.
A frilled lizard is nearby!
A frilled lizard is nearby!
A frilled lizard is nearby!
A frilled lizard is nearby!
You make a move on Xom's chessboard...
The frilled lizard hisses angrily.
The frilled lizard struggles to resist.
You make a move on Xom's chessboard...
The frilled lizard seems to grow stronger.
You make a move on Xom's chessboard...
The frilled lizard twists and deforms.
You make a move on Xom's chessboard...
The frilled lizard falls asleep!
You make a move on Xom's chessboard...
The frilled lizard hisses angrily.
The frilled lizard appears confused.
You make a move on Xom's chessboard...
The frilled lizard flickers and vanishes!
Deactivating autopickup; reactivate with Ctrl-A.
No target in view!
No target in view!
No target in view!
No target in view!
No target in view!
No target in view!
No target in view!
No target in view!
No target in view!
No target in view!
No target in view!
No target in view!
No target in view!
No target in view!
No target in view!
No target in view!
No target in view!
No target in view!
A rat comes into view.
The rat bites you but does no damage.
You hit the rat.
You kill the rat!
Something bites you. 😕 HP[-2]
You take 2 damage, and now have 14/16 hp.
You closely miss something. Something bites you. 😮 HP[-3]
You take 3 damage, and now have 11/16 hp.
You barely miss something. Something bites you.
You closely miss something. Something bites you but does no damage.
You closely miss something. You squeeze something.
Something bites you. 😮 HP[-2]
You take 2 damage, and now have 9/16 hp.
You miss something. Something bites you.
* * * LOW HITPOINT WARNING * * *
😨 HP[-3]
You take 3 damage, and now have 6/16 hp.
You barely miss something. Your squeeze misses something. Something bites you.
* * * LOW HITPOINT WARNING * * *
Something barely misses you. 😱 HP[-4]
You take 4 damage, and now have 2/16 hp.
MASSIVE DAMAGE!! (PAUSE)
You barely miss something. Your squeeze misses something.
Something barely misses you.
You miss something. Something bites you.
You die...
Xom yawns loudly!

Action                   || total
-------------------------++-------
Melee: Falchion          ||     9
       Tentacles         ||     1
Evoke: Piece from Xom's  ||     6
Armor: Skin              ||     2
Dodge: Dodged            ||     2

Levels and vault maps discovered:
D:1:      sevenhm_arrival_forest_fort_large_4, layout_loops_corners,
          serial_forest, infiniplex_forest_lined_2, infiniplex_forest_corner_1,
          infiniplex_forest_lined_corner, infiniplex_forest_clump_small,
          infiniplex_forest_clump_diagonal, infiniplex_forest_lined_3,
          infiniplex_forest_clump_curved, infiniplex_forest_lined_ring,
          infiniplex_forest_straight_4, infiniplex_forest_side_room,
          chequers_ecumenical_altar_grove, roderic_roman_lattice

Notes
Turn   | Place    | Note
-------+----------+-------------------------------------------
     0 | D:1      | spaghetti the Octopode Chaos Knight began the quest for the
                  | Orb.
     0 | D:1      | Reached XP level 1. HP: 16/16 MP: 1/1
     0 | D:1      | magus.rc [v1.9.6]
    43 | D:1      | HP: 2/16 [something (4)]
    45 | D:1      | Slain by a frilled lizard

Vanquished Creatures
  A rat (D:1)
1 creature vanquished.

Table legend:
 A = Non-vault XP
 B = Vault XP
 C = Vault XP percentage of total XP
 D = Non-vault monster count
 E = Vault monster count
 F = Vault count percentage of total count
                 A         B        C        D         E       F
            +---------+---------+-------+---------+---------+-------
      Total |       1 |       0 |   0.0 |       1 |       0 |   0.0
            +---------+---------+-------+---------+---------+-------
        D:1 |       1 |       0 |   0.0 |       1 |       0 |   0.0
            +---------+---------+-------+---------+---------+-------

Illustrated notes

Table legend:
 A = Kills in this place as a percentage of kills in entire the game.
 B = Kills by you in this place as a percentage of kills by you in the entire game.
 C = Kills by friends in this place as a percentage of kills by friends in the entire game.
 D = Other kills in this place as a percentage of other kills in the entire game.
 E = Experience gained in this place as a percentage of experience gained in the entire game.
 F = Experience gained in this place divided by the number of levels of this place that you have seen.
                   A       B       C       D       E      F
               +-------+-------+-------+-------+-------+----------------------
         Total | 100.0 | 100.0 |   N/A |   N/A | 100.0 |   1.0
       Dungeon | 100.0 | 100.0 |   N/A |   N/A | 100.0 |   1.0
               +-------+-------+-------+-------+-------+----------------------

Table legend: (Time is in decaauts)
 A = Elapsed time spent in this place.
 B = Non-inter-level travel time spent in this place.
 C = Inter-level travel time spent in this place.
 D = Time resting spent in this place.
 E = Time spent auto-exploring this place.
 F = Levels seen in this place.
 G = Mean time per level.
                   A        B        C        D        E       F      G
               +--------+--------+--------+--------+--------+-----+--------+
         Total |     46 |     46 |      0 |      0 |     10 |   1 |   46.0 |
       Dungeon |     46 |     46 |      0 |      0 |     10 |   1 |   46.0 |
               +--------+--------+--------+--------+--------+-----+--------+

Top non-repeatable levels by time:
     D:1: 46 daAuts
